Map: Frostline LE

Players

WeAreLegion - Winner!

  • Race: Terran Terran
  • League: Silver
  • Spawn Location: 7:00

Treecat

  • Race: Terran Terran
  • League: Silver
  • Spawn Location: 1:00

VOD

Have the link to the VOD?

Description

Time

  • Played on: Dec. 4, 2024, 9:48 p.m.
  • Length: 19:05
Show
View Real Time Build Order
Export as new Build Order

WeAreLegion Terran - Winner!

Build Orders: Reaper Expand 

Get SALT Encoding   

  12  0:00  SCV  
  13  0:12  SCV  
  14  0:17  Supply Depot  
  14  0:24  SCV  
  15  0:39  SCV  
  15  0:40  Barracks  
  16  0:45  Refinery  
  16  0:51  SCV  
  17  1:03  SCV  
  18  1:15  SCV  
  19  1:27  Orbital Command  
  19  1:32  Reaper  
  20  1:45  Command Center  
  20  1:54  SCV  
  20  1:56  Supply Depot  
  21  2:06  Factory  
  21  2:10  SCV  
  21  2:11  Marine  
  23  2:22  SCV  
  24  2:28  Marine  
  25  2:34  SCV  
  25  2:53  SCV  
  25  2:57  Refinery  
  26  2:59  Starport  
  26  3:03  Orbital Command  
  26  3:05  SCV  
  27  3:11  Supply Depot  
  27  3:15  Widow Mine  
  27  3:17  SCV  
  30  3:27  Barracks Reactor  
  30  3:28  SCV  
  30  3:29  SCV  
  32  3:36  Widow Mine  
  32  3:40  SCV  
  32  3:41  SCV, Medivac  
  36  3:47  Engineering Bay  
  38  3:52  SCV  
  38  3:53  SCV  
  40  4:03  Supply Depot  
  40  4:04  SCV  
  40  4:05  Supply Depot, SCV  
  40  4:08  Barracks  
  42  4:12  Barracks  
  42  4:14  Marine x2  
  42  4:15  Factory Tech Lab  
  42  4:17  SCV x2  
  46  4:29  SCV  
  46  4:30  SCV  
  48  4:31  Marine  
  48  4:32  Marine  
  48  4:33  Supply Depot  
  48  4:35  Supply Depot  
  50  4:38  Terran Infantry Weapons Level 1  
  50  4:41  SCV  
  51  4:53  SCV x2  
  51  4:55  Marine x2, Refinery  
  51  4:56  Refinery  
  51  4:58  Supply Depot, Barracks Tech Lab  
  51  4:59  Supply Depot  
  55  5:00  Starport Tech Lab  
  55  5:06  SCV x2  
  57  5:12  Siege Tank  
  57  5:13  Marine x2  
  63  5:16  Barracks Tech Lab  
  63  5:18  SCV x2  
  64  5:30  SCV x2  
  64  5:35  Supply Depot x2  
  66  5:36  Marine x4  
  68  5:54  Marine x2  
  68  5:55  Marauder x2  
  52  6:20  Marine  
  52  6:21  Marine x3  
  52  6:24  Orbital Command  
  44  6:38  Marine x2  
  44  6:39  Marauder x2  
  46  6:54  Combat Shield, Stimpack  
  46  6:56  Marine x2  
  46  7:01  Marauder x2  
  52  7:14  Marine  
  53  7:23  Marine x3  
  53  7:25  Siege Tank  
  53  7:27  SCV  
  60  7:32  Marine  
  61  7:39  SCV  
  61  7:41  Marine  
  61  7:42  Marauder x2  
  67  7:50  Marine  
  68  7:51  SCV  
  68  7:57  Siege Tank  
  63  8:00  SCV  
  63  8:03  SCV, Marine, Marauder x2  
  69  8:07  Marine  
  69  8:21  Marine  
  69  8:24  Marine x2  
  72  8:38  Marine  
  72  8:39  Marine  
  76  8:42  Raven, Marine, Marauder  
  79  8:48  Starport  
  79  8:49  Terran Infantry Armor Level 1  
  79  8:51  Concussive Shells  
  79  8:55  Marine  
  79  8:57  Marine  
  79  8:59  Siege Tank, Marine  
  85  9:03  Marine  
  86  9:13  Marine  
  86  9:15  Marine  
  86  9:16  Medivac  
  90  9:18  Marauder  
  90  9:21  Marauder  
  90  9:31  Marine  
  90  9:32  Marine  
  92  9:39  Marauder  
  92  9:43  Marauder  
  52  10:01  Marauder  
  52  10:03  Marine x2  
  52  10:04  Marine  
  55  10:21  Marine x3  
  54  10:22  Marauder  
  55  10:40  Marauder  
  57  10:43  Marauder  
  59  10:51  Marine x2  
  59  10:52  Siege Tank  
  59  10:54  Viking  
  66  11:01  SCV x2, Marine  
  69  11:04  Marine  
  69  11:09  Marine x2  
  69  11:11  Refinery  
  72  11:13  SCV x2  
  72  11:15  Missile Turret  
  72  11:18  Missile Turret  
  74  11:19  Marauder  
  74  11:21  Missile Turret  
  74  11:23  Marauder  
  74  11:25  SCV x2  
  80  11:27  Marine x2  
  82  11:37  SCV x2  
  84  11:40  Marine  
  84  11:43  Marine  
  84  11:45  Marine x2  
  88  11:49  SCV x2  
  90  11:58  Marauder  
  92  12:02  Marauder  
  92  12:06  Marine x2  
  96  12:08  SCV  
  96  12:09  SCV  
  98  12:19  Marine, Starport Reactor  
  98  12:21  SCV x2  
  103  12:23  Marine  
  103  12:24  Marine x2  
  104  12:33  Barracks  
  104  12:37  Marine  
  104  12:41  Marauder  
  104  12:43  Starport Reactor  
  106  12:55  Marauder  
  108  13:02  Marauder  
  110  13:07  Marine  
  110  13:08  Marine  
  112  13:16  Marine  
  106  13:23  Marine  
  106  13:25  Marine x2  
  101  13:34  Marauder  
  100  13:41  Marauder  
  102  13:56  Marine x3, Marauder  
  102  13:57  Siege Tank  
  110  14:03  Marauder  
  110  14:06  Supply Depot x3  
  112  14:13  Marine  
  112  14:14  Marine x2  
  115  14:17  Marauder  
  117  14:27  Marauder  
  117  14:29  Supply Depot, Siege Tank  
  122  14:31  Marine x2  
  122  14:32  Marauder  
  126  14:38  Marauder  
  126  14:45  Command Center  
  128  14:49  Marine x2, Marauder  
  132  14:53  Marauder  
  132  14:59  Marine  
  111  16:04  Marine x5  
  107  16:08  Siege Tank  
  107  16:09  Liberator  
  117  16:21  Marine  
  117  16:22  Marauder x3  
  124  16:40  Siege Tank  
  124  16:44  Marauder  
  122  17:06  Marine  
  122  17:07  Medivac x3  
  122  17:08  Medivac  
  131  17:09  Marine x4  
  131  17:12  Siege Tank  
  138  17:24  Marine  
  141  17:44  Siege Tank  
  135  18:06  Marine x5  
  140  18:24  Marine x2, Marauder x2  
  146  18:30  Orbital Command  
Show
View Real Time Build Order
Export as new Build Order

Treecat Terran 

Build Orders: 1/1/1 

Get SALT Encoding   

  12  0:00  SCV  
  13  0:17  Supply Depot  
  13  0:19  SCV  
  14  0:30  Refinery  
  14  0:40  Barracks  
  14  0:42  SCV  
  15  0:54  SCV  
  16  1:06  SCV  
  16  1:07  Refinery  
  18  1:18  SCV  
  18  1:28  Supply Depot  
  18  1:35  Factory  
  18  1:39  Orbital Command  
  18  1:42  Marine  
  19  2:00  Marine  
  20  2:09  SCV  
  21  2:17  Marine  
  21  2:18  Barracks  
  22  2:23  Starport  
  22  2:26  SCV  
  22  2:29  Factory Reactor  
  23  2:35  Marine  
  23  2:53  SCV  
  24  3:12  Marine, Factory Tech Lab  
  25  3:20  SCV  
  25  3:26  Medivac  
  31  3:28  Medivac  
  31  3:29  Marine  
  31  3:39  Supply Depot  
  31  3:51  Command Center  
  31  3:53  Supply Depot  
  31  4:00  SCV, Marine x2  
  34  4:04  Siege Tank  
  34  4:09  Viking  
  39  4:18  Marine x2  
  39  4:19  SCV  
  42  4:36  Marine x2  
  44  4:38  Engineering Bay  
  44  4:54  Marine x2  
  46  5:03  Viking  
  46  5:06  Supply Depot, SCV  
  49  5:11  SCV  
  49  5:13  Barracks Tech Lab  
  50  5:18  SCV  
  51  5:23  SCV  
  50  6:14  Marine  
  50  6:15  Marine  
  49  6:32  Marine  
  49  6:33  Marine  
  48  6:51  Marine x2  
  49  7:09  Marine x2  
  51  7:23  Liberator x2  
  51  7:27  Marine x2  
  51  7:28  Supply Depot  
  59  7:31  Siege Tank  
  59  7:33  Missile Turret  
  62  7:43  Missile Turret  
  62  7:44  Planetary Fortress  
  62  7:45  Marine x2  
  64  8:02  Marine  
  65  8:06  Missile Turret  
  65  8:07  Barracks  
  65  8:21  Siege Tank  
  65  8:24  Liberator x2  
  74  8:36  Stimpack  
  65  10:22  Marine x2  
  65  10:23  Marine  
  67  10:40  Marine x3  
  67  10:49  SCV  
  68  10:50  SCV  
  68  10:55  Siege Tank  
  68  10:56  Viking x2  
  76  10:58  Marine x2  
  78  11:28  Refinery  
  78  11:31  Refinery  
  78  11:54  Supply Depot  
  78  11:56  Supply Depot  
  78  12:15  SCV, Marine x2, Siege Tank, Viking  
  86  12:17  SCV, Marine, Viking  
  90  12:27  SCV  
  92  12:30  SCV  
  92  12:33  Marine x2  
  92  12:35  Command Center  
  94  12:46  SCV  
  94  12:57  Supply Depot  
  94  13:00  Command Center  
  94  13:02  Missile Turret  
  94  13:12  Marine x2, Viking  
  94  13:13  Marine  
  94  13:14  SCV  
  94  13:15  Siege Tank  
  94  13:16  SCV, Viking  
  76  13:28  SCV  
  76  13:29  Marine  
  76  13:30  Marine  
  76  13:31  Marine  
  77  13:40  SCV  
  78  13:47  Siege Tank  
  78  13:48  Marine  
  82  13:49  Marine  
  61  14:04  Marine  
  61  14:06  Marine x2  
  64  14:13  SCV  
  65  14:19  Siege Tank  
  65  14:22  Marine  
  69  14:25  SCV  
  69  14:29  Marine x2  
  72  14:39  Liberator x2  
  72  14:40  Marine  
  79  14:51  Siege Tank  
  80  15:24  Siege Tank  
  64  16:15  SCV  
  65  16:21  Medivac x2  
  69  16:27  SCV  
  67  16:37  Marine x3  
  67  16:39  SCV  
  71  16:51  SCV  
  72  16:54  Marine  
  73  17:03  SCV  
  73  17:05  Medivac  
  73  17:06  Medivac  
  73  17:07  Siege Tank  
  81  17:20  Marine x2  
  68  18:12  SCV  
  69  18:24  SCV  
  70  18:36  SCV  
  70  18:48  SCV  
Tags
 
Matchup
TvT
Race
Terran
Replay Pack
December
Spawn Locations
Cross Positions
Add a new tag
Caveats
  • Supply blocks, unpowered buildings, or Contaminate may cause inaccurate times.
  • Supply counts are checked every 10 seconds.